 Dungeon Crawl Stone Soup version 0.17-a0-1103-ga40c899 (webtiles) character file.

36 Onimusha113 the Shield-Bearer (level 3, 0/43 HPs)
             Began as a Human Fighter on May 21, 2015.
             Slain by Sigmund
             ... wielding a +0 scythe
              (1 damage)
             ... on level 2 of the Dungeon.
             The game lasted 00:12:13 (1000 turns).

Onimusha113 the Shield-Bearer (Human Fighter)       Turns: 1000, Time: 00:12:13

Health: 0/43       AC: 21    Str: 17    XL:     3   Next: 57%
Magic:  3/3        EV:  2    Int:  8    God:
Gold:   42         SH:  0    Dex: 12    Spells: 0 memorised, 2 levels left

rFire  . . .     SeeInvis .     a - +0 long sword
rCold  + . .     Clarity  .     (armour currently unavailable)
rNeg   + + +     SustAb   .     c - +0 shield
rPois  +         Gourm    .     (helmet currently unavailable)
rElec  .         Spirit   .     (cloak currently unavailable)
rCorr  .         Warding  .     (gloves currently unavailable)
rMut   .         NoTele   +     (boots currently unavailable)
MR     .....                    (no amulet)
Stlth  +.........               (no ring)
                                l - ring of protection from cold

@: confused, tree-form, not resistant to hostile enchantments, very unstealthy
A: no striking features
a: no special abilities


You were on level 2 of the Dungeon.
You were not hungry.
You were a tree.
You visited 1 branch of the dungeon, and saw 2 of its levels.

You collected 42 gold pieces.

Inventory:

Hand weapons
 a - a +0 long sword (weapon)
 f - a cursed -2 club
Armour
 b - a +0 scale mail (melded)
 c - a +0 shield (worn)
 j - a +0 pair of gloves (melded)
Jewellery
 l - a ring of protection from cold (left branch)
Scrolls
 g - 2 scrolls of identify {unknown}
 m - a scroll of fear {unknown}
 p - a scroll of remove curse {unknown}
 q - a scroll of magic mapping {unknown}
 r - 2 scrolls of teleportation {unknown}
Potions
 d - a potion of might
 k - 2 potions of heal wounds {unknown}
 o - a potion of curing {unknown}
 s - a potion of agility {unknown}
Comestibles
 e - a bread ration
 h - a beef jerky
 n - 3 fruits


   Skills:
 + Level 3.2 Fighting
 * Level 2.4 Long Blades
 + Level 3.2 Armour
 - Level 0.2 Dodging
 + Level 3.5 Shields


You had 2 spell levels left.
You didn't know any spells.

Dungeon Overview and Level Annotations

Branches:
Dungeon (2/15)

Altars:

Annotations:
D:2 Sigmund


Message History

The hobgoblin barely misses you. Something completely misses you.
The hobgoblin hits you.
* * * LOW HITPOINT WARNING * * *
Wield which item (- for none, * to show all)? (? for menu, Esc to quit)
Okay, then.
Drink which item? (? for menu, Esc to quit)
It was a potion of lignification.
You turn into a tree.
Your +0 pair of gloves melds into your body.
Your +0 scale mail melds into your body.
Your roots penetrate the ground.
Something hits you but does no damage.
The hobgoblin hits you but does no damage.
You cannot move. (Use ctrl+direction to attack without moving.)
You swing at nothing.
Something hits you but does no damage.
The hobgoblin hits you but does no damage.
You swing at nothing.
The hobgoblin hits you but does no damage.
Something hits you but does no damage.
The hobgoblin hits you but does no damage.
You swing at nothing.
Something hits you.
You die...

#.#......#.####.......
#####.######.....#........
#...†......# #............
#..........# #.(..........
#..........# #............
#).........###............
#.......{.................
#..........###............
#.......g♣.###............
#######.....#.....)....<..
##...........>........
#.....................
#.....................
#...............###...
#...............# ###
#...............#
##.............##


You could see a hobgoblin.

Vanquished Creatures
  An adder (D:2)
  2 goblins
  7 hobgoblins (D:1)
  4 kobolds (D:1)
  A quokka (D:2)
  7 bats
  2 rats (D:1)
24 creatures vanquished.

Notes
Turn   | Place    | Note
--------------------------------------------------------------
     0 | D:1      | Onimusha113 the Human Fighter began the quest for the Orb.
     0 | D:1      | Reached XP level 1. HP: 18/18 MP: 1/1
    99 | D:1      | Reached XP level 2. HP: 13/24 MP: 2/2
   765 | D:1      | Reached XP level 3. HP: 27/29 MP: 3/3
   965 | D:2      | Noticed Sigmund
   993 | D:2      | HP: 1/29 [hobgoblin (4)]
  1000 | D:2      | Slain by Sigmund

Vault maps used:
D:1:      lightli_arrival_maybe_door_vault, st_stairs_14, bh_walls_and_bars
D:2:      first_bread, uniq_sigmund

Action                   || total
-------------------------++-------
Melee: Long sword        ||    89
  Use: Potion            ||     1
